 Dungeon Crawl Stone Soup version 0.31-a0-161-gb58dd9be76 (webtiles) character file.

Game seed: 5625035108789854765

235 qw the Chopper (level 6, -2/38 HPs)
             Began as a Gargoyle Fighter on June 12, 2023.
             Was an Initiate of Okawaru.
             Slain by an ogre
             ... wielding a +0 giant club
              (17 damage)
             ... on level 4 of the Dungeon.
             The game lasted 00:01:26 (2526 turns).

qw the Chopper (Gargoyle Fighter)                   Turns: 2526, Time: 00:01:26

Health: -2/38      AC: 11    Str: 22    XL:     6   Next: 6%
Magic:  6/6        EV:  9    Int:  8    God:    Okawaru [......]
Gold:   91         SH:  4    Dex:  9    Spells: 5/5 levels left

rFire   . . .        Y - +0 war axe
rCold   . . .        c - +0 buckler
rNeg    + . .        b - +0 scale mail
rPois   inf          (no helmet)
rElec   +            (no cloak)
rCorr   .            (no gloves)
SInv    .            (no boots)
Will    .....        (no amulet) Stlth
                     (no ring)
HPRegen 0.26/turn    (no ring)
MPRegen 0.10/turn

%: no passive effects
@: no status effects
A: sickness immunity, AC +4, negative energy resistance 1, electricity
resistance, torment resistance 1, petrification resistance
a: Renounce Religion


You were on level 4 of the Dungeon.
You worshipped Okawaru.
Okawaru was noncommittal.
You visited 1 branch of the dungeon, and saw 4 of its levels.

You collected 91 gold pieces.


Innate Abilities, Weirdness & Mutations

You are immune to sickness and miasma.
Your stone body is resilient. (AC +4)
You are immune to poison.
You resist negative energy. (rN+)
You are resistant to electric shocks. (rElec)
You are resistant to unholy torment.
You are immune to petrification.


   Skills:
 - Level 4.0 Fighting
 + Level 5.0 Axes
 - Level 3.2 Armour
 - Level 1.1 Dodging
 - Level 3.2 Shields


You had 5 spell levels left.
You didn't know any spells.
Your spell library was empty.

Inventory:

Hand Weapons
 i - a +0 mace
 Y - a +0 war axe (weapon)
Armour
 b - a +0 scale mail (worn)
 c - a +0 buckler (worn)
Jewellery
 f - an amulet of guardian spirit
 j - a +5 ring of evasion
Scrolls
 k - a scroll of identify
Potions
 a - a potion of heal wounds
 d - a potion of might
 e - a potion of attraction {unknown}
 g - a potion of mutation {unknown}
 h - a potion of curing {unknown}
 l - a potion of enlightenment {unknown}

Dungeon Overview and Level Annotations

Branches:
Dungeon (4/15)
 Temple: D:4-7

Altars:
Nemelex Xobeh
Okawaru

Shops:
D:1 !   D:2 [   D:3 (

Annotations:
D:2 1 runed translucent door, Crazy Yiuf


Message History

The giant cockroach is severely wounded.
The giant cockroach bites you but does no damage. x2
You slash the giant cockroach!
You kill the giant cockroach!
Okawaru accepts your kill.
You now have 91 gold pieces (gained 3).
k - a scroll of identify An ogre comes into view.
It is wielding a +0 giant club.
2512 ||| Stepping ~*~*~tactically~*~*~ (stealth).
You hit the ogre.
The ogre is lightly wounded.
The ogre barely misses you.
You closely miss the ogre.
The ogre is lightly wounded.
The ogre hits you with a +0 giant club!
You hit the ogre.
The ogre is moderately wounded.
The ogre barely misses you.
You hit the ogre.
The ogre is moderately wounded.
The ogre hits you with a +0 giant club!!
Ouch! That really hurt!
2521 ||| DRINKING 2 potions of heal wounds.
You feel much better.
You closely miss the ogre.
The ogre is moderately wounded.
The ogre barely misses you.
You completely miss the ogre.
The ogre is moderately wounded.
The ogre hits you with a +0 giant club!
You hit the ogre.
The ogre is moderately wounded.
The ogre barely misses you.
You slash the ogre!
The ogre is almost dead.
The ogre hits you with a +0 giant club!
You hit the ogre.
The ogre is almost dead.
The ogre hits you with a +0 giant club!
You die...

#. #.# ##.# #. #.#
#... # .. #.# #..#
..###.### #.# #...
.......# #.#####.#
#.##.#.# #.#......
#.##.#.###........
##O.......#.###)###
#.@...#.#...# #....
#.....#.##.######..
#........#.........
#.....#.###........
#.....+.# ######>..
#.....### o #.....#
#.....# #.....#


You could see an ogre.

Vanquished Creatures
  Natasha (thrice) (D:2)
  An orc wizard (D:4)
  7 adders
  A worm (D:2)
  3 orcs (D:4)
  2 endoplasms (D:3)
  6 giant cockroaches
  7 goblins
  4 hobgoblins
  4 jackals (D:1)
  A quokka (D:3)
  12 ball pythons
  5 bats
  5 frilled lizards
  3 kobolds
  8 rats
72 creatures vanquished.

Notes
Turn   | Place    | Note
-------+----------+-------------------------------------------
     0 | D:1      | qw the Gargoyle Fighter began the quest for the Orb.
     0 | D:1      | Reached XP level 1. HP: 14/14 MP: 1/1
     0 | D:1      | 0 ||| qw: Version: 0.2-a-29-gc1b59c4
     0 | D:1      | 0 ||| qw: Game counter: 4168
     0 | D:1      | 0 ||| qw: Always use a shield: true
     0 | D:1      | 0 ||| qw: God list: Okawaru
     0 | D:1      | 0 ||| qw: Allow faded altars: false
     0 | D:1      | 0 ||| qw: Do Orc after D:15 true
     0 | D:1      | 0 ||| qw: Do second Lair branch before Depths: true
     0 | D:1      | 0 ||| qw: Lair rune preference: random
     0 | D:1      | 0 ||| qw: Plans: Normal, Zot:1-4, Slime:5, God:TSO, Crypt,
                  | Tomb, Abyss, Pan, Hells, Win
     0 | D:1      | 0 ||| PLANNING D:1-11
    62 | D:1      | Found a faded altar of an unknown god.
    67 | D:1      | Reached skill level 2 in Axes
    70 | D:1      | 70 ||| Stepping ~*~*~tactically~*~*~ (stealth).
    71 | D:1      | 71 ||| Stepping ~*~*~tactically~*~*~ (stealth).
   121 | D:1      | Reached XP level 2. HP: 19/19 MP: 2/2
   180 | D:1      | 180 ||| Stepping ~*~*~tactically~*~*~ (hiding).
   272 | D:1      | 272 ||| Stepping ~*~*~tactically~*~*~ (stealth).
   289 | D:1      | Reached skill level 3 in Axes
   292 | D:1      | Reached XP level 3. HP: 18/23 MP: 3/3
   482 | D:1      | Found Qaek's Distillery.
   491 | D:1      | 491 ||| SHOPLISTING 2 potions of curing (66 gold, have 25).
   491 | D:1      | 491 ||| SHOPLISTING potion of curing (33 gold, have 25).
   491 | D:1      | 491 ||| SHOPLISTING potion of heal wounds (55 gold, have
                  | 25).
   491 | D:1      | 491 ||| SHOPLISTING potion of might (44 gold, have 25).
   491 | D:1      | 491 ||| SHOPLISTING potion of mutation (88 gold, have 25).
   555 | D:1      | 555 ||| Stepping ~*~*~tactically~*~*~ (stealth).
   846 | D:1      | 846 ||| DROPPING amulet of magic regeneration.
   847 | D:1      | 847 ||| DRINKING 2 emerald potions.
  1024 | D:2      | Noticed Natasha
  1025 | D:2      | 1025 ||| Stepping ~*~*~tactically~*~*~ (hiding).
  1027 | D:2      | 1027 ||| Stepping ~*~*~tactically~*~*~ (hiding).
  1028 | D:2      | 1028 ||| Stepping ~*~*~tactically~*~*~ (hiding).
  1035 | D:2      | Killed Natasha
  1036 | D:2      | Reached skill level 4 in Axes
  1036 | D:2      | Reached XP level 4. HP: 21/28 MP: 4/4
  1095 | D:2      | Noticed Natasha
  1101 | D:2      | Killed Natasha
  1162 | D:2      | Found Kisyleba's Armour Boutique.
  1171 | D:2      | Reached XP level 5. HP: 31/32 MP: 5/5
  1179 | D:2      | 1179 ||| SHOPLISTING +0 chain mail (54 gold, have 25).
  1179 | D:2      | 1179 ||| SHOPLISTING +0 cloak (54 gold, have 25).
  1179 | D:2      | 1179 ||| SHOPLISTING +3 plate armour of fire resistance
                  | (540 gold, have 25).
  1179 | D:2      | 1179 ||| SHOPLISTING +4 plate armour "Kedecun" {rC+ Dex+2}
                  | (734 gold, have 25).
  1193 | D:2      | Noticed Natasha
  1194 | D:2      | 1194 ||| Stepping ~*~*~tactically~*~*~ (hiding).
  1206 | D:2      | HP: 7/32 [Natasha (6)]
  1207 | D:2      | 1207 ||| DRINKING potion of heal wounds.
  1208 | D:2      | Killed Natasha
  1291 | D:2      | Reached skill level 5 in Axes
  1300 | D:2      | Found an iron altar of Okawaru.
  1301 | D:2      | 1301 ||| PLANNING OKAWARU WORSHIP
  1301 | D:2      | 1301 ||| UPGRADING to amulet of guardian spirit.
  1306 | D:2      | 1306 ||| READING scroll labelled JYZXUO MEUHIE.
  1307 | D:2      | 1307 ||| READING scroll labelled ROGHICKOTIO.
  1308 | D:2      | 1308 ||| READING scroll labelled ZEGIOM DUZERED.
  1314 | D:2      | Became a worshipper of Warmaster Okawaru
  1314 | D:2      | 1314 ||| PLANNING D:1-11
  1315 | D:2      | 1315 ||| REMOVING amulet of guardian spirit.
  1580 | D:2      | Found a runed translucent door.
  1581 | D:2      | Noticed Crazy Yiuf
  1858 | D:3      | 1858 ||| Stepping ~*~*~tactically~*~*~ (hiding).
  2092 | D:3      | Found Uhaeviaho's Antique Weapon Shoppe.
  2097 | D:3      | 2097 ||| SHOPLISTING crystal flail (187 gold, have 58).
  2097 | D:3      | 2097 ||| SHOPLISTING glowing mace (132 gold, have 58).
  2097 | D:3      | 2097 ||| SHOPLISTING morningstar (88 gold, have 58).
  2209 | D:3      | Found a sparkling altar of Nemelex Xobeh.
  2380 | D:3      | 2380 ||| READING scroll labelled EMOIZE QICWONO.
  2381 | D:3      | 2381 ||| READING scroll labelled CASSID WUTACO.
  2419 | D:4      | 2419 ||| Stepping ~*~*~tactically~*~*~ (stealth).
  2421 | D:4      | 2421 ||| Stepping ~*~*~tactically~*~*~ (stealth).
  2423 | D:4      | 2423 ||| Stepping ~*~*~tactically~*~*~ (hiding).
  2439 | D:4      | Reached skill level 1 in Dodging
  2439 | D:4      | Reached XP level 6. HP: 37/38 MP: 6/6
  2445 | D:4      | 2445 ||| Stepping ~*~*~tactically~*~*~ (stealth).
  2456 | D:4      | 2456 ||| Stepping ~*~*~tactically~*~*~ (stealth).
  2467 | D:4      | 2467 ||| FLEEEEING.
  2490 | D:4      | 2490 ||| Stepping ~*~*~tactically~*~*~ (stealth).
  2512 | D:4      | 2512 ||| Stepping ~*~*~tactically~*~*~ (stealth).
  2520 | D:4      | HP: 6/38 [ogre/+0 giant club (23)]
  2521 | D:4      | 2521 ||| DRINKING 2 potions of heal wounds.
  2526 | D:4      | Slain by an ogre

Levels and vault maps discovered:
D:1:      dpeg_arrival_round_c, layout_loops_ring, serial_shops,
          nicolae_shop_just_a_little_nook,
          shapermc_ecumenical_altar_mp_highgroup
D:2:      layout_basic, basic_altar, serial_shops, nicolae_shop_scrapyard,
          uniq_crazy_yiuf_cottage, uniq_natasha
D:3:      layout_basic, marbit_many_paths, serial_shops,
          nicolae_shop_back_alley_shop, corexii_corridor_pit
D:4:      layout_basic, uniq_blork_the_orc

Skill      XL: |  1  2  3  4  5 |
---------------+----------------+-----
Axes           | 2 3 4 5 |  5.0
Fighting       | 4 |  4.0
Dodging        | 1 |  1.1
Armour         | |  3.2
Shields        | |  3.2

Action                     |  1- 3 |  4- 6 || total
---------------------------+-------+-------++-------
  Melee: War axe           |   113 |   129 ||   242
    Use: Potion            |     1 |     2 ||     3
         Scroll            |       |     5 ||     5
 Armour: Scale mail        |    76 |    61 ||   137
  Dodge: Dodged            |    86 |    56 ||   142
  Block: Buckler           |    24 |    23 ||    47

Table legend:
 A = Non-vault XP
 B = Vault XP
 C = Vault XP percentage of total XP
 D = Non-vault monster count
 E = Vault monster count
 F = Vault count percentage of total count
                 A         B        C        D         E       F
            +---------+---------+-------+---------+---------+-------
      Total |     299 |      38 |  11.3 |      70 |       2 |   2.8
            +---------+---------+-------+---------+---------+-------
        D:1 |      49 |       0 |   0.0 |      31 |       0 |   0.0
        D:2 |     142 |      36 |  20.2 |      17 |       1 |   5.6
        D:3 |      60 |       2 |   3.2 |      16 |       1 |   5.9
        D:4 |      48 |       0 |   0.0 |       6 |       0 |   0.0
            +---------+---------+-------+---------+---------+-------
